 Dungeon Crawl Stone Soup version 0.28-b1-25-g9875b3fc8c (webtiles) character file.

Game seed: 8903909574986892583

151 sanka the Magician (level 5, 0/29 HPs)
             Began as a Deep Elf Transmuter on Feb 7, 2022.
             Slain by a gnoll (9 damage)
             ... on level 3 of the Dungeon.
             The game lasted 00:03:28 (2307 turns).

sanka the Magician (Deep Elf Transmuter)            Turns: 2307, Time: 00:03:29

Health: 0/29       AC:  4    Str:  7    XL:     5   Next: 10%
Magic:  10/14      EV: 13    Int: 20    God:
Gold:   91         SH:  0    Dex: 15    Spells: 8/14 levels left

rFire   . . .      SeeInvis .   b - +4 dagger (venom)
rCold   + . .      Faith    +   (no shield)
rNeg    . . .      Spirit   .   i - +1 robe {rC+}
rPois   .          Reflect  .   (no helmet)
rElec   .          Harm     .   (no cloak)
rCorr   .          Rampage  .   f - +0 pair of gloves
Will    .....                   (no boots)
Stlth   +.........              g - amulet of faith
HPRegen 0.09/turn               (no ring)
MPRegen 0.14/turn               (no ring)

@: wereblooded
A: no striking features
a: no special abilities


You were on level 3 of the Dungeon.
You visited 1 branch of the dungeon, and saw 3 of its levels.

You collected 91 gold pieces.

Inventory:

Hand Weapons
 b - a +4 dagger of venom (weapon)
 l - a +0 broad axe
Armour
 a - a +0 robe
 f - a +0 pair of gloves (worn)
 i - a +1 robe of cold resistance (worn)
Jewellery
 e - a ring of fire
 g - an amulet of faith (around neck)
Scrolls
 d - a scroll of vulnerability {unknown}
 h - a scroll of blinking {unknown}
 k - a scroll of enchant weapon {unknown}
 m - a scroll of fear {unknown}
 n - a scroll of identify {unknown}
Potions
 c - a potion of might {unknown}
 j - a potion of invisibility {unknown}
 o - a potion of curing


   Skills:
 + Level 1.4 Fighting
 + Level 3.1 Dodging
 - Level 2.4 Unarmed Combat
 - Level 5.0 Spellcasting
 - Level 3.0 Transmutations
 + Level 2.4 Poison Magic


You had 8 spell levels left.
You knew the following spells:

 Your Spells              Type           Power      Damage    Failure   Level
a - Beastly Appendage     Tmut           34%        N/A       3%          1
b - Wereblood             Tmut           17%        N/A       4%          2
c - Spider Form           Tmut/Pois      15%        N/A       12%         3

Your spell library contained the following spells:

 Spells                   Type           Power      Damage    Failure   Level
 Ice Form                 Ice/Tmut       11%        N/A       52%         4


Dungeon Overview and Level Annotations

Branches:
Dungeon (3/15)

Altars:


Message History

You kill the endoplasm!
You barely miss the gnoll.
Your transformation is almost over.
The gnoll completely misses you. x2
You hit the gnoll.
The gnoll is poisoned.
The gnoll is moderately wounded.
The gnoll misses you.
The gnoll hits you from afar with a +0 halberd!
You hit the gnoll.
The gnoll is heavily wounded.
The gnoll closely misses you. The gnoll misses you.
You hit the gnoll.
You feel a bit better.
You kill the gnoll!
The gnoll barely misses you.
You have reached level 5!
Unknown command.
The gnoll misses you.
Things that are here:
a +0 whip; a +0 spear; a gnoll corpse You hit the gnoll but do no damage.
The gnoll is poisoned.
The gnoll hits you with a +0 halberd!
You barely miss the gnoll. The gnoll completely misses you.
You hit the gnoll.
The gnoll looks as sick as possible!
The gnoll is heavily wounded.
You hit the gnoll.
You feel a bit better.
You kill the gnoll!
Your transformation has ended.
Your +4 dagger of venom unmelds from your body.
Your +0 pair of gloves unmelds from your body.
Your +1 robe of cold resistance unmelds from your body.
Your +4 dagger of venom begins to drip with poison!
You feel resistant to cold.
You hit the gnoll.
The gnoll is poisoned.
The gnoll is heavily wounded.
You hear a shout!
The gnoll hits you with a +0 whip.
You closely miss the gnoll.
The gnoll is severely wounded.
The gnoll hits you with a +0 whip!
You die...

##
################...##
#........?....gJg.J..
#.#########g####g..#.
#.# #@# ## #.# #.#
#.#########.#
#.##........#
#.##.......<#
#.##.......<#
#...........#
####.......##
#.......#


You could see a gnoll (very poisoned).

Vanquished Creatures
  Jessica (D:2)
  Terence (D:2)
  3 adders (D:2)
  3 gnolls (D:3)
  A worm (D:2)
  2 dart slugs (D:1)
  A ball python (D:2)
  6 bats
  4 endoplasms
  3 giant cockroaches
  3 goblins
  3 hobgoblins
  3 kobolds
  A quokka (D:1)
  A frilled lizard (D:1)
  6 rats
42 creatures vanquished.

Notes
Turn   | Place    | Note
-------+----------+-------------------------------------------
     0 | D:1      | sanka the Deep Elf Transmuter began the quest for the Orb.
     0 | D:1      | Reached XP level 1. HP: 11/11 MP: 6/6
   162 | D:1      | Reached skill level 4 in Spellcasting
   162 | D:1      | Reached XP level 2. HP: 14/16 MP: 9/9
   165 | D:1      | Learned a level 2 spell: Wereblood
   823 | D:1      | Found a faded altar of an unknown god.
  1120 | D:2      | Reached XP level 3. HP: 15/20 MP: 11/11
  1206 | D:2      | Learned a level 3 spell: Spider Form
  1322 | D:2      | Reached skill level 5 in Spellcasting
  1510 | D:2      | Noticed Jessica
  1517 | D:2      | Killed Jessica
  1518 | D:2      | Reached skill level 1 in Poison Magic
  1790 | D:2      | Reached XP level 4. HP: 19/24 MP: 13/13
  1874 | D:2      | Reached skill level 1 in Fighting
  1977 | D:2      | Noticed Terence
  1987 | D:2      | Killed Terence
  2301 | D:3      | Reached XP level 5. HP: 17/29 MP: 9/14
  2307 | D:3      | Slain by a gnoll

Illustrated notes

Levels and vault maps discovered:
D:1:      dpeg_arrival_simpleton_b, layout_rooms, basic_ecumenical_altar,
          chequers_serial_rivers_room_a
D:2:      layout_rooms, minmay_worlds_worst_comb, uniq_jessica, uniq_terence
D:3:      layout_loops_ring

Skill      XL: |  1  2  3  4 |
---------------+-------------+-----
Spellcasting   | 4 5 |  5.0
Poison Magic   | 1 2 |  2.4
Fighting       | 1 |  1.4
Transmutations | 3 |  3.0
Dodging        | 3 |  3.1
Unarmed Combat | |  2.4

Action                   |  1- 3 |  4- 6 || total
-------------------------+-------+-------++-------
Melee: Unarmed           |    80 |    23 ||   103
       Kick              |    16 |       ||    16
       Headbutt          |    12 |       ||    12
       Punch             |     3 |       ||     3
       Dagger            |    12 |    18 ||    30
 Cast: Beastly Appendage |    19 |       ||    19
       Wereblood         |     2 |     1 ||     3
       Spider Form       |     1 |     2 ||     3
  Use: Potion            |     1 |       ||     1
 Stab: Sleeping          |     1 |       ||     1
Armor: Robe              |    21 |     2 ||    23
Dodge: Dodged            |    57 |    31 ||    88
